AoeStats
← chinorron

Black Forest

510363097Analyzed
2v2 RM · 13h ago on Sep 30, 2026· 54m 5s· 4 players
Game mode
Random Map
Map size
Medium (4 player)
Population
200
Speed
Normal
Resources
Standard
Victory
Conquest
Starting age
Dark Age
Ending age
Imperial Age
RankedLock teamsTeams togetherTeam positionsShared explorationLock speedFull tech treeHidden civsTurbo modeCheats
Victory
Defeat
🇪🇸 Hindustanis · Spain
1196
+12
🇪🇸 Persians · Spain
934
+23
🇵🇪 Spanish · Peru
1118
-18
🇪🇸 Saracens · Spain
1091
-17
FUUJIN
0:26 Loom
10:51 Feudal Age
11:19 Double-Bit Axe
11:16 Horse Collar
14:12 Man-at-Arms
20:08 Castle Age
18:16 Stone Mining
21:16 Bow Saw
21:09 Heavy Plow
20:56 Town Watch
22:33 Forging
24:33 Iron Casting
25:01 Gold Mining
25:25 Scale Mail Armor
25:42 Squires
26:08 Long Swordsman
28:34 Chain Mail Armor
28:07 Arson
30:01 Gambesons
34:04 Imperial Age
32:19 Stone Shaft Mining
33:18 Fervor
33:54 Wheelbarrow
33:54 Fletching
34:11 Two-Handed Swordsman
35:25 Plate Mail Armor
34:59 Capped Ram
35:10 Pikeman
35:18 Pikeman
37:00 Blast Furnace
36:19 Hand Cart
37:25 Town Patrol
37:54 Conscription
38:57 Block Printing
39:19 Inquisition
40:18 Sanctity
40:04 Husbandry
40:15 Bloodlines
40:04 Bodkin Arrow
40:10 Padded Archer Armor
39:51 Elite Conquistador
42:04 Chemistry
41:25 Ballistics
43:22 Illumination
44:21 Bracer
44:37 Leather Archer Armor
44:25 Onager
46:12 Redemption
48:12 Two-Man Saw
Izrick
1:01 Loom
16:34 Feudal Age
20:40 Castle Age
19:16 Town Watch
19:34 Double-Bit Axe
20:47 Gold Mining
26:05 Bow Saw
29:03 Gold Shaft Mining
29:47 Wheelbarrow
33:36 Imperial Age
32:50 Forging
32:46 Scale Barding Armor
33:20 Stone Mining
34:50 Hand Cart
36:13 Chemistry
37:00 Chain Barding Armor
37:38 Town Patrol
37:52 Fletching
38:03 Padded Archer Armor
38:29 Ballistics
42:09 Elite Skirmisher
42:47 Bodkin Arrow
43:08 Leather Archer Armor
45:44 Two-Man Saw
45:12 Siege Engineers
46:26 Bracer
46:57 Ring Archer Armor
47:00 Conscription
49:06 Bloodlines
48:57 Husbandry
50:06 Murder Holes
55:07 Plate Barding Armor
55:08 Iron Casting
chinorron
0:52 Loom
14:10 Feudal Age
14:37 Double-Bit Axe
20:38 Castle Age
20:14 Horse Collar
21:39 Fishing Lines
22:53 Wheelbarrow
22:33 Bow Saw
23:55 Gold Mining
25:07 Fletching
25:38 Gillnets
27:04 Hand Cart
32:11 Imperial Age
32:55 Shatagni
33:58 Chemistry
33:05 Grand Trunk Road
33:25 Conscription
33:23 Heavy Plow
34:39 Two-Man Saw
35:20 Fortified Wall
35:21 Masonry
36:38 Padded Archer Armor
37:37 Leather Archer Armor
40:29 Ring Archer Armor
40:31 Bodkin Arrow
40:42 Scale Barding Armor
40:48 Forging
41:01 Heavy Camel Rider
41:42 Husbandry
42:47 Bloodlines
42:01 Light Cavalry
43:53 Chain Barding Armor
44:08 Iron Casting
46:12 Plate Barding Armor
45:01 Hussar
48:50 Blast Furnace
RAPAZ
0:28 Loom
13:15 Feudal Age
20:27 Castle Age
18:22 Fishing Lines
18:54 Double-Bit Axe
18:56 Horse Collar
20:29 Scale Barding Armor
25:39 Man-at-Arms
26:04 Gambesons
27:55 Long Swordsman
33:53 Gillnets
37:00 Crossbowman
37:46 Thumb Ring
41:31 Fletching
41:42 Padded Archer Armor
42:07 Kamandaran
43:11 Bodkin Arrow
44:22 Leather Archer Armor
55:27 Imperial Age
Connection lost

Rejoining the realm…

Still unreachable

The connection could not be restored.

Session expired

The server has moved on; the page needs a fresh start.